[Event "1st Chateau Montaiguillon Rapid 2019"]
[Site "Montagne"]
[Date "2019.09.08"]
[Round "1.1"]
[White "Moussard, Jules"]
[Black "Fournier, Remi"]
[Result "1-0"]
[ECO "A36"]
[WhiteElo "2608"]
[BlackElo "1609"]
[Annotator "RC"]
[PlyCount "69"]
[EventDate "2019.09.08"]
[EventType "swiss"]
[EventCountry "FRA"]
[SourceTitle "playchess.com"]
[Source "ChessBase"]
[SourceQuality "1"]
[TimeControl "720+3"]

1. c4 Nf6 2. Nc3 g6 3. g3 Bg7 4. Bg2 c5 5. a3 Nc6 6. Rb1 Rb8 7. b4 b6 8. Nf3 Bb7 9. O-O Nd4 10. Nxd4 Bxg2 11. Ne6 dxe6 12. Qa4+ b5 13. cxb5 Bb7 14. bxc5 O-O 15. c6 Ba8 16. Qxa7 Nd5 17. Qc5 Qb6 18. Qxb6 Rxb6 19. Na4 Rbb8 20. e4 Bxc6 21. exd5 Bxb5 22. Rxb5 Rxb5 23. dxe6 Ra8 24. exf7+ Kxf7 25. Nc3 Bxc3 26. dxc3 Rb3 27. Re1 Rb1 28. Kf1 Rxc1 29. Rxc1 Rxa3 30. c4 Ra2 31. c5 Ke8 32. c6 Kd8 33. c7+ Kc8 34. Re1 Kd7 35. Rxe7+ 1-0

[Event "1st Chateau Montaiguillon Rapid 2019"]
[Site "Montagne"]
[Date "2019.09.08"]
[Round "1.2"]
[White "Shakessi, Hossein"]
[Black "Fressinet, Laurent"]
[Result "0-1"]
[ECO "A49"]
[WhiteElo "1629"]
[BlackElo "2633"]
[Annotator "RC"]
[PlyCount "32"]
[EventDate "2019.09.08"]
[EventType "swiss"]
[EventCountry "FRA"]
[SourceTitle "playchess.com"]
[Source "ChessBase"]
[SourceQuality "1"]
[TimeControl "720+3"]

1. d4 Nf6 2. Nf3 g6 3. g3 Bg7 4. Bg2 c5 5. O-O O-O 6. Nbd2 cxd4 7. Nxd4 Nc6 8. N4b3 a5 9. a4 d6 10. c3 Be6 11. Ra3 Qd7 12. Ne4 Bh3 13. Ng5 Bxg2 14. Kxg2 Ne5 15. f3 h6 16. Nc5 dxc5 0-1

[Event "1st Chateau Montaiguillon Rapid 2019"]
[Site "Montagne"]
[Date "2019.09.08"]
[Round "1.4"]
[White "Bustos-Salinas, Thomas"]
[Black "Cornette, Matthieu"]
[Result "0-1"]
[ECO "A43"]
[WhiteElo "1732"]
[BlackElo "2558"]
[Annotator "RC"]
[PlyCount "60"]
[EventDate "2019.09.08"]
[EventType "swiss"]
[EventCountry "FRA"]
[SourceTitle "playchess.com"]
[Source "ChessBase"]
[SourceQuality "1"]
[TimeControl "720+3"]

1. d4 Nf6 2. Nf3 c5 3. d5 b5 4. Bg5 Qb6 5. a4 b4 6. e3 h6 7. Bxf6 Qxf6 8. c3 g5 9. h3 Bg7 10. e4 d6 11. Bb5+ Nd7 12. Qc2 O-O 13. O-O a5 14. Bxd7 Bxd7 15. e5 dxe5 16. Nbd2 Bf5 17. Ne4 Bxe4 18. Qxe4 Qf4 19. Rfe1 Qxe4 20. Rxe4 f5 21. Rc4 Rac8 22. Rc1 bxc3 23. bxc3 Rfd8 24. Rd1 Rd6 25. g4 e6 26. gxf5 Rxd5 27. Rxd5 exd5 28. Rg4 e4 29. Nh4 Bxc3 30. Ng6 Bf6 0-1

[Event "1st Chateau Montaiguillon Rapid 2019"]
[Site "Montagne"]
[Date "2019.09.08"]
[Round "2.1"]
[White "Galon, Sascha"]
[Black "Moussard, Jules"]
[Result "0-1"]
[ECO "B06"]
[WhiteElo "1970"]
[BlackElo "2608"]
[Annotator "RC"]
[PlyCount "64"]
[EventDate "2019.09.08"]
[EventType "swiss"]
[EventCountry "FRA"]
[SourceTitle "playchess.com"]
[Source "ChessBase"]
[SourceQuality "1"]
[TimeControl "720+3"]

1. e4 g6 2. d4 Bg7 3. Nc3 a6 4. Nf3 d6 5. Bg5 Bg4 6. Bc4 h6 7. Be3 Nc6 8. h3 Bxf3 9. Qxf3 e6 10. O-O-O b5 11. e5 Nge7 12. Bb3 d5 13. g4 Na5 14. Qe2 Qd7 15. f4 Nc4 16. Rhf1 h5 17. Bxc4 bxc4 18. Qd2 Rb8 19. b3 Qc6 20. Kb2 Bf8 21. Ka1 Nc8 22. Na4 Bb4 23. c3 Be7 24. Rb1 cxb3 25. Rxb3 Rb5 26. Rxb5 Qxb5 27. Qd1 hxg4 28. hxg4 Rh3 29. Bc1 Nb6 30. Nxb6 cxb6 31. Bb2 Rh2 32. Qb1 Rxb2 0-1

[Event "1st Chateau Montaiguillon Rapid 2019"]
[Site "Montagne"]
[Date "2019.09.08"]
[Round "2.2"]
[White "Fressinet, Laurent"]
[Black "Reed, John"]
[Result "1-0"]
[ECO "C55"]
[WhiteElo "2633"]
[BlackElo "1859"]
[Annotator "RC"]
[PlyCount "71"]
[EventDate "2019.09.08"]
[EventType "swiss"]
[EventCountry "FRA"]
[SourceTitle "playchess.com"]
[Source "ChessBase"]
[SourceQuality "1"]
[TimeControl "720+3"]

1. e4 e5 2. Nf3 Nc6 3. Bc4 Nf6 4. d3 Be7 5. O-O O-O 6. Nc3 d6 7. a3 Be6 8. Ng5 Bxc4 9. dxc4 h6 10. Nf3 Qd7 11. h3 Qe6 12. Qd3 Na5 13. b3 b6 14. Be3 Nb7 15. b4 Rfd8 16. Rfd1 c6 17. a4 Rd7 18. b5 Nc5 19. Bxc5 dxc5 20. Qe2 cxb5 21. Rxd7 Nxd7 22. axb5 Nf6 23. Nd5 Bd6 24. Nxb6 Rd8 25. Nd5 Bb8 26. Qd3 Nh5 27. Qe3 Nf4 28. Qxc5 Bd6 29. Nxf4 Bxc5 30. Nxe6 fxe6 31. Kf1 Kf7 32. Nxe5+ Kf6 33. Nd3 Bd4 34. Ra4 e5 35. c5 Rb8 36. c4 1-0

[Event "1st Chateau Montaiguillon Rapid 2019"]
[Site "Montagne"]
[Date "2019.09.08"]
[Round "2.4"]
[White "Cornette, Matthieu"]
[Black "Chelle, Herve"]
[Result "1-0"]
[ECO "C48"]
[WhiteElo "2558"]
[BlackElo "1906"]
[Annotator "RC"]
[PlyCount "53"]
[EventDate "2019.09.08"]
[EventType "swiss"]
[EventCountry "FRA"]
[SourceTitle "playchess.com"]
[Source "ChessBase"]
[SourceQuality "1"]
[TimeControl "720+3"]

1. e4 e5 2. Nf3 Nf6 3. Nc3 Nc6 4. Bb5 Bc5 5. O-O d6 6. d4 exd4 7. Nxd4 Bxd4 8. Qxd4 Bd7 9. Qd1 O-O 10. Bg5 Ne5 11. f4 Neg4 12. Bxd7 Qxd7 13. Qd2 Rfe8 14. Rae1 Qc6 15. h3 h6 16. Bh4 Qb6+ 17. Kh1 Qxb2 18. hxg4 Nxg4 19. Nd5 h5 20. Rb1 Qxa2 21. Nxc7 Rac8 22. Nxe8 Rxc2 23. Qd4 f6 24. Qd5+ Qxd5 25. exd5 Ne3 26. Rf2 Rd2 27. Rxd2 1-0

[Event "1st Chateau Montaiguillon Rapid 2019"]
[Site "Montagne"]
[Date "2019.09.08"]
[Round "2.5"]
[White "Gelos, Guillaume"]
[Black "Sochacki, Christophe"]
[Result "0-1"]
[ECO "A15"]
[WhiteElo "1947"]
[BlackElo "2479"]
[Annotator "ChessBase"]
[PlyCount "64"]
[EventDate "2019.09.08"]
[EventType "swiss"]
[EventCountry "FRA"]
[SourceTitle "playchess.com"]
[Source "ChessBase"]
[SourceQuality "1"]
[TimeControl "720+3"]

1. c4 e6 2. g3 d5 3. Bg2 Nf6 4. d3 Be7 5. e3 O-O 6. b3 a5 7. Nc3 c6 8. Nge2 e5 9. O-O d4 10. exd4 exd4 11. Nb1 Bf5 12. Ba3 Re8 13. Bb2 Bc5 14. a3 Qd7 15. Qd2 Na6 16. Nf4 h6 17. h4 Bf8 18. Rd1 Bg4 19. f3 Be6 20. Kh2 Nc5 21. Qc2 Bd6 22. Bxd4 a4 23. Bxc5 Bxc5 24. b4 Bd4 25. Ra2 Bf5 26. Nd2 g5 27. hxg5 hxg5 28. Nh3 Bxh3 29. Bxh3 Re2+ 30. Bg2 Kg7 31. g4 Rh8+ 32. Kg3 Bf2# 0-1

[Event "1st Chateau Montaiguillon Rapid 2019"]
[Site "Montagne"]
[Date "2019.09.08"]
[Round "3.1"]
[White "Moussard, Jules"]
[Black "Saada, Julien"]
[Result "1-0"]
[ECO "B10"]
[WhiteElo "2608"]
[BlackElo "2258"]
[Annotator "RC"]
[PlyCount "65"]
[EventDate "2019.09.08"]
[EventType "swiss"]
[EventCountry "FRA"]
[SourceTitle "playchess.com"]
[Source "ChessBase"]
[SourceQuality "1"]
[TimeControl "720+3"]

1. e4 c6 2. d3 d5 3. f4 dxe4 4. dxe4 Qxd1+ 5. Kxd1 g6 6. Nf3 Bg7 7. c3 Nf6 8. Bd3 O-O 9. Ke2 b6 10. Be3 Ba6 11. Bxa6 Nxa6 12. Nbd2 Nc7 13. a4 c5 14. a5 Nd7 15. Rhd1 Rfd8 16. axb6 axb6 17. Rxa8 Nxa8 18. Nc4 Kf8 19. Ra1 b5 20. Nce5 Nxe5 21. Nxe5 Bxe5 22. fxe5 c4 23. e6 fxe6 24. Ra7 Rc8 25. Bf4 Ke8 26. Rb7 e5 27. Bxe5 Rc5 28. Bd4 Rc8 29. Rxb5 Kd7 30. Rb7+ Ke6 31. Ke3 Nc7 32. Bc5 Kd7 33. Bb6 1-0

[Event "1st Chateau Montaiguillon Rapid 2019"]
[Site "Montagne"]
[Date "2019.09.08"]
[Round "3.2"]
[White "Mullon, Jean-Baptiste"]
[Black "Fressinet, Laurent"]
[Result "0-1"]
[ECO "B67"]
[WhiteElo "2357"]
[BlackElo "2633"]
[Annotator "RC"]
[PlyCount "60"]
[EventDate "2019.09.08"]
[EventType "swiss"]
[EventCountry "FRA"]
[SourceTitle "playchess.com"]
[Source "ChessBase"]
[SourceQuality "1"]
[TimeControl "720+3"]

1. e4 c5 2. Nf3 d6 3. d4 cxd4 4. Nxd4 Nf6 5. Nc3 Bd7 6. Bg5 e6 7. Qd2 a6 8. O-O-O h6 9. Bxf6 Qxf6 10. f4 Nc6 11. Nf3 Qd8 12. Kb1 Rc8 13. Bc4 Na5 14. Bb3 Be7 15. g4 Nc4 16. Qd4 b5 17. e5 d5 18. f5 Qb6 19. fxe6 fxe6 20. Qd3 O-O 21. g5 hxg5 22. h4 Qe3 23. Bxc4 Qxd3 24. Bxd3 Rxf3 25. hxg5 Bxg5 26. Rdg1 Bf4 27. Bh7+ Kf8 28. Re1 Ke7 29. Bg6 Re3 30. Rxe3 Bxe3 0-1

[Event "1st Chateau Montaiguillon Rapid 2019"]
[Site "Montagne"]
[Date "2019.09.08"]
[Round "3.4"]
[White "Salles, Louis"]
[Black "Cornette, Matthieu"]
[Result "0-1"]
[ECO "B33"]
[WhiteElo "2206"]
[BlackElo "2558"]
[Annotator "ChessBase"]
[PlyCount "80"]
[EventDate "2019.09.08"]
[EventType "swiss"]
[EventCountry "FRA"]
[SourceTitle "playchess.com"]
[Source "ChessBase"]
[SourceQuality "1"]
[TimeControl "720+3"]

1. e4 c5 2. Nf3 Nc6 3. d4 cxd4 4. Nxd4 Nf6 5. Nc3 e5 6. Ndb5 d6 7. Bg5 a6 8. Na3 Be6 9. Nc4 Rb8 10. Bxf6 Qxf6 11. Nb6 Qd8 12. Ncd5 g6 13. Bc4 Bg7 14. O-O O-O 15. Bb3 Kh8 16. c3 f5 17. exf5 gxf5 18. f4 exf4 19. Kh1 Ne5 20. Nxf4 Bxb3 21. Qxb3 Ng4 22. g3 Re8 23. Rae1 Be5 24. Nbd5 Qg5 25. Qc2 Rg8 26. Nd3 Rbf8 27. N5f4 Rf6 28. Re2 Rh6 29. c4 Bd4 30. Ne6 Nxh2 31. Nxg5 Nxf1+ 32. Kg2 Rxg5 33. Re8+ Kg7 34. Kxf1 Rh1+ 35. Kg2 Rg1+ 36. Kf3 R1xg3+ 37. Kf4 Kf6 38. Rf8+ Ke7 39. Re8+ Kf6 40. Rf8+ Ke7 0-1

[Event "1st Chateau Montaiguillon Rapid 2019"]
[Site "Montagne"]
[Date "2019.09.08"]
[Round "3.5"]
[White "Sochacki, Christophe"]
[Black "Estadieu, Romeo"]
[Result "1/2-1/2"]
[ECO "A90"]
[WhiteElo "2479"]
[BlackElo "2099"]
[Annotator "ChessBase"]
[PlyCount "123"]
[EventDate "2019.09.08"]
[EventType "swiss"]
[EventCountry "FRA"]
[SourceTitle "playchess.com"]
[Source "ChessBase"]
[SourceQuality "1"]
[TimeControl "720+3"]

1. d4 e6 2. c4 f5 3. Nc3 Nf6 4. g3 d5 5. Bg2 c6 6. Nf3 Bd6 7. Bf4 O-O 8. O-O Qe7 9. e3 Nbd7 10. c5 Bb8 11. b4 h6 12. Bxb8 Rxb8 13. Ne5 Nxe5 14. dxe5 Nd7 15. Qd4 b6 16. Na4 bxc5 17. Nxc5 Nxc5 18. bxc5 Ba6 19. Rfb1 Qc7 20. a3 Bc4 21. Bf1 Bxf1 22. Kxf1 Qa5 23. Rb4 Rb5 24. Rab1 Rfb8 25. Rxb5 Rxb5 26. Rxb5 Qxb5+ 27. Kg2 Kf7 28. g4 fxg4 29. Qf4+ Kg8 30. Qxg4 Kf7 31. Qh5+ Kf8 32. Qh4 Qxc5 33. Qd8+ Kf7 34. Qd7+ Qe7 35. Qxc6 Qxa3 36. h4 Qe7 37. Kg3 h5 38. Qa4 g5 39. Kh3 Kg6 40. hxg5 Qxg5 41. Qe8+ Kf5 42. Qf7+ Ke4 43. Qxa7 Qxe5 44. Kg2 d4 45. Qa4 Qd5 46. Kf1 Ke5 47. f4+ Ke4 48. Ke2 Kf5 49. exd4 Kxf4 50. Qb4 Qe4+ 51. Kf2 Qe3+ 52. Kg2 Qg3+ 53. Kf1 Qf3+ 54. Ke1 h4 55. Qd6+ Kg4 56. Qxe6+ Kg3 57. Qg6+ Qg4 58. Qxg4+ Kxg4 59. Kf2 Kf4 60. Kg2 Ke4 61. Kh3 Kxd4 62. Kxh4 1/2-1/2

[Event "1st Chateau Montaiguillon Rapid 2019"]
[Site "Montagne"]
[Date "2019.09.08"]
[Round "4.1"]
[White "Fantinel, Thibault"]
[Black "Moussard, Jules"]
[Result "0-1"]
[ECO "B52"]
[WhiteElo "2384"]
[BlackElo "2608"]
[Annotator "RC"]
[PlyCount "68"]
[EventDate "2019.09.08"]
[EventType "swiss"]
[EventCountry "FRA"]
[SourceTitle "playchess.com"]
[Source "ChessBase"]
[SourceQuality "1"]
[TimeControl "720+3"]

1. e4 c5 2. Nf3 d6 3. Bb5+ Bd7 4. c4 Nc6 5. O-O Nf6 6. Nc3 g6 7. d4 cxd4 8. Nxd4 Bg7 9. Bxc6 bxc6 10. c5 O-O 11. cxd6 exd6 12. Bf4 Re8 13. Re1 Qb6 14. Qd2 Nxe4 15. Nxe4 Qxd4 16. Qxd4 Bxd4 17. Nxd6 Rxe1+ 18. Rxe1 Bxb2 19. Nc4 Bf6 20. Rc1 Be6 21. a4 Rd8 22. Ne5 Rd4 23. Bg3 Rxa4 24. Nxc6 Bd5 25. h3 h5 26. Be5 Bxe5 27. Nxe5 Kg7 28. Rc7 a5 29. Ra7 Ra1+ 30. Kh2 a4 31. Ra5 Be6 32. h4 a3 33. Kg3 a2 34. Nd3 Rd1 0-1

[Event "1st Chateau Montaiguillon Rapid 2019"]
[Site "Montagne"]
[Date "2019.09.08"]
[Round "4.2"]
[White "Fressinet, Laurent"]
[Black "Le Hetet, Nicolas"]
[Result "1-0"]
[ECO "B30"]
[WhiteElo "2633"]
[BlackElo "2391"]
[Annotator "RC"]
[PlyCount "73"]
[EventDate "2019.09.08"]
[EventType "swiss"]
[EventCountry "FRA"]
[SourceTitle "playchess.com"]
[Source "ChessBase"]
[SourceQuality "1"]
[TimeControl "720+3"]

1. e4 c5 2. Nf3 Nc6 3. Bb5 g6 4. Bxc6 dxc6 5. d3 Bg7 6. O-O Nf6 7. Nc3 O-O 8. e5 Ne8 9. h3 Nc7 10. Ne4 Ne6 11. Be3 b6 12. Qd2 f6 13. Bh6 Nd4 14. Nxd4 Qxd4 15. Bxg7 Kxg7 16. exf6+ exf6 17. b3 Be6 18. Rae1 Bf7 19. Re2 Rad8 20. Rfe1 Rfe8 21. h4 c4 22. bxc4 Bxc4 23. h5 Bf7 24. h6+ Kf8 25. c3 Qxd3 26. Qxd3 Rxd3 27. Nxf6 Rxe2 28. Nxh7+ Kg8 29. Nf6+ Kh8 30. Rxe2 Rd6 31. Ne4 Rd1+ 32. Kh2 Bc4 33. Re3 Kh7 34. Rh3 Bxa2 35. Nf6+ Kh8 36. Re3 Rd8 37. Re7 1-0

[Event "1st Chateau Montaiguillon Rapid 2019"]
[Site "Montagne"]
[Date "2019.09.08"]
[Round "4.4"]
[White "Cornette, Matthieu"]
[Black "Favarel, Julien"]
[Result "1-0"]
[ECO "A13"]
[WhiteElo "2558"]
[BlackElo "2331"]
[Annotator "RC"]
[PlyCount "55"]
[EventDate "2019.09.08"]
[EventType "swiss"]
[EventCountry "FRA"]
[SourceTitle "playchess.com"]
[Source "ChessBase"]
[SourceQuality "1"]
[TimeControl "720+3"]

1. Nf3 d5 2. c4 e6 3. g3 g6 4. Bg2 Bg7 5. d4 Ne7 6. O-O O-O 7. Qc2 c5 8. dxc5 d4 9. Bf4 Nbc6 10. Bd6 Nf5 11. Bxf8 Qxf8 12. Nbd2 Qxc5 13. Ne1 e5 14. Nd3 Qe7 15. c5 a5 16. a3 a4 17. Nb4 Be6 18. Rfc1 h5 19. Nxc6 bxc6 20. Bxc6 Rc8 21. Bg2 h4 22. Qxa4 hxg3 23. hxg3 Bh6 24. Qc2 Kg7 25. b4 Rh8 26. Ne4 Bd5 27. c6 Bxe4 28. Qxe4 1-0

[Event "1st Chateau Montaiguillon Rapid 2019"]
[Site "Montagne"]
[Date "2019.09.08"]
[Round "4.5"]
[White "Guichard, Pauline"]
[Black "Sochacki, Christophe"]
[Result "0-1"]
[ECO "A20"]
[WhiteElo "2407"]
[BlackElo "2479"]
[Annotator "ChessBase"]
[PlyCount "102"]
[EventDate "2019.09.08"]
[EventType "swiss"]
[EventCountry "FRA"]
[SourceTitle "playchess.com"]
[Source "ChessBase"]
[SourceQuality "1"]
[TimeControl "720+3"]

1. c4 e5 2. g3 Nf6 3. Bg2 c6 4. Nf3 e4 5. Nd4 d5 6. d3 dxc4 7. dxc4 Bb4+ 8. Nc3 O-O 9. O-O Re8 10. Bg5 Bxc3 11. bxc3 h6 12. Bf4 Nbd7 13. Bd6 Ne5 14. c5 Nc4 15. Nb3 Nd5 16. Qd4 Nxd6 17. cxd6 b5 18. a4 Be6 19. axb5 cxb5 20. Bxe4 Qxd6 21. Rfd1 Rad8 22. Nc5 a5 23. Nb7 Qc7 24. Nxd8 Rxd8 25. Bg2 Rd7 26. Rd3 b4 27. Bxd5 Rxd5 28. Qe4 Rxd3 29. Qxd3 b3 30. Qb5 Qxc3 31. Qxa5 Qc2 32. Qd8+ Kh7 33. Qd3+ Bf5 34. Qe3 b2 35. Re1 b1=Q 36. Rxb1 Qxb1+ 37. Kg2 Qe4+ 38. Qxe4 Bxe4+ 39. f3 Bc6 40. e4 Kg6 41. Kf2 Kf6 42. Ke3 Ke6 43. Kd4 f5 44. exf5+ Kxf5 45. Ke3 Ke5 46. h3 Kf5 47. Kf2 Ke5 48. Ke3 Bb7 49. Kf2 Kd4 50. g4 g5 51. Kg3 Ke5 0-1

[Event "1st Chateau Montaiguillon Rapid 2019"]
[Site "Montagne"]
[Date "2019.09.08"]
[Round "5.5"]
[White "Roubert, Emile"]
[Black "Daulyte-Cornette, Deimante"]
[Result "0-1"]
[ECO "B03"]
[WhiteElo "2014"]
[BlackElo "2412"]
[Annotator "ChessBase"]
[PlyCount "74"]
[EventDate "2019.09.08"]
[EventType "swiss"]
[EventCountry "FRA"]
[SourceTitle "playchess.com"]
[Source "ChessBase"]
[SourceQuality "1"]
[TimeControl "720+3"]

1. e4 Nf6 2. e5 Nd5 3. c4 Nb6 4. d4 d6 5. exd6 cxd6 6. Nc3 g6 7. Be3 Bg7 8. Rc1 O-O 9. b3 Bf5 10. Nf3 d5 11. c5 Nc8 12. Be2 Nc6 13. O-O Bg4 14. h3 Bxf3 15. Bxf3 e6 16. a3 N8e7 17. Qd2 Nf5 18. Ne2 Nh4 19. b4 Nxf3+ 20. gxf3 e5 21. Rfd1 exd4 22. Nxd4 Ne5 23. f4 Nc4 24. Qe2 Qd7 25. Qf3 Rad8 26. f5 Nxe3 27. fxe3 Rfe8 28. c6 bxc6 29. Nxc6 Bh6 30. Nxd8 Bxe3+ 31. Kh1 Bxc1 32. Nxf7 Be3 33. fxg6 hxg6 34. Nh8 Kxh8 35. Qf6+ Qg7 36. Qh4+ Bh6 37. Rxd5 Qa1+ 0-1

[Event "1st Chateau Montaiguillon Rapid 2019"]
[Site "Montagne"]
[Date "2019.09.08"]
[Round "6.3"]
[White "Cornette, Matthieu"]
[Black "Sochacki, Christophe"]
[Result "0-1"]
[ECO "C12"]
[WhiteElo "2558"]
[BlackElo "2479"]
[Annotator "RC"]
[PlyCount "72"]
[EventDate "2019.09.08"]
[EventType "swiss"]
[EventCountry "FRA"]
[SourceTitle "playchess.com"]
[Source "ChessBase"]
[SourceQuality "1"]
[TimeControl "720+3"]

1. e4 e6 2. d4 d5 3. Nc3 Nf6 4. Bg5 Bb4 5. exd5 Qxd5 6. Bxf6 gxf6 7. Qd2 Qa5 8. Nge2 Bd7 9. a3 Bd6 10. O-O-O Nc6 11. d5 Ne5 12. Nd4 O-O-O 13. Kb1 Rhg8 14. g3 Qb6 15. f4 Ng4 16. Ka1 a6 17. Bc4 e5 18. Nde2 Nf2 19. Rhf1 Nxd1 20. Nxd1 Bh3 21. Re1 Rge8 22. fxe5 fxe5 23. Qh6 Bf5 24. Ne3 Bg6 25. Qh3+ Kb8 26. Nc3 Bc5 27. Nf5 Bd4 28. g4 Qa5 29. Ka2 Bxc3 30. bxc3 h5 31. Bb3 hxg4 32. Qxg4 Qxc3 33. Re4 Rh8 34. Rb4 Rxh2 35. Qe4 Bxf5 36. Qxf5 Rh1 0-1

[Event "1st Chateau Montaiguillon Rapid 2019"]
[Site "Montagne"]
[Date "2019.09.08"]
[Round "7.2"]
[White "Sochacki, Christophe"]
[Black "Salles, Louis"]
[Result "1-0"]
[ECO "B53"]
[WhiteElo "2479"]
[BlackElo "2206"]
[Annotator "ChessBase"]
[PlyCount "77"]
[EventDate "2019.09.08"]
[EventType "swiss"]
[EventCountry "FRA"]
[SourceTitle "playchess.com"]
[Source "ChessBase"]
[SourceQuality "1"]
[TimeControl "720+3"]

1. e4 c5 2. Nf3 d6 3. d4 cxd4 4. Qxd4 Nc6 5. Bb5 Bd7 6. Bxc6 Bxc6 7. Nc3 e5 8. Qd3 h6 9. O-O Nf6 10. Rd1 Be7 11. a4 O-O 12. h3 Rc8 13. Be3 Qc7 14. a5 Qb8 15. Nd2 Rfd8 16. Nd5 Nxd5 17. exd5 Bd7 18. f4 exf4 19. Bxf4 Qc7 20. c3 Re8 21. Kh1 Bf8 22. Bg3 Qd8 23. Rf1 Qg5 24. Rf3 Qh5 25. Kg1 f5 26. Bf2 a6 27. Bd4 Re7 28. Nf1 Qf7 29. Ne3 g6 30. Raf1 Rce8 31. g4 Bg7 32. gxf5 Bxd4 33. Qxd4 Re4 34. Qd2 Qf6 35. Ng4 Rxg4+ 36. hxg4 gxf5 37. gxf5 Kh7 38. Rg3 Qh4 39. Qg2 1-0

[Event "1st Chateau Montaiguillon Rapid 2019"]
[Site "Montagne"]
[Date "2019.09.08"]
[Round "8.3"]
[White "Estadieu, Romeo"]
[Black "Mullon, Jean-Baptiste"]
[Result "0-1"]
[ECO "D45"]
[WhiteElo "2099"]
[BlackElo "2357"]
[Annotator "NA"]
[PlyCount "38"]
[EventDate "2019.09.08"]
[EventType "swiss"]
[EventCountry "FRA"]
[SourceTitle "playchess.com"]
[Source "ChessBase"]
[SourceQuality "1"]
[TimeControl "720+3"]

1. d4 d5 2. c4 c6 3. Nf3 Nf6 4. Nc3 e6 5. e3 Nbd7 6. Qc2 Bd6 7. b3 O-O 8. Bb2 Qe7 9. Be2 a6 10. h3 Re8 11. g4 Bb4 12. Nd2 Nf8 13. O-O-O b6 14. e4 Bb7 15. e5 N6d7 16. cxd5 cxd5 17. Kb1 Rec8 18. Rc1 b5 19. f4 Bxc3 0-1

[Event "1st Chateau Montaiguillon Rapid 2019"]
[Site "Montagne"]
[Date "2019.09.08"]
[Round "9.4"]
[White "Calvo, Dylan"]
[Black "Daulyte-Cornette, Deimante"]
[Result "0-1"]
[ECO "A41"]
[WhiteElo "2012"]
[BlackElo "2412"]
[Annotator "NA"]
[PlyCount "96"]
[EventDate "2019.09.08"]
[EventType "swiss"]
[EventCountry "FRA"]
[SourceTitle "playchess.com"]
[Source "ChessBase"]
[SourceQuality "1"]
[TimeControl "720+3"]

1. d4 d6 2. c4 e5 3. dxe5 dxe5 4. Qxd8+ Kxd8 5. Nf3 f6 6. g3 Be6 7. b3 Nc6 8. Bg2 Nb4 9. Na3 c6 10. O-O Bc5 11. Bb2 Ne7 12. Nd2 Nf5 13. Ne4 Be7 14. Rfc1 Kc7 15. Nc2 a5 16. Ne1 Nd4 17. Bxd4 exd4 18. a3 Na6 19. Nd3 f5 20. Nd2 Nc5 21. Nxc5 Bxc5 22. Nf3 Rhd8 23. Ne5 Be7 24. Nd3 Ra6 25. a4 Rb6 26. Rab1 g5 27. Rd1 Bb4 28. c5 Ra6 29. Nxb4 axb4 30. Rd3 Ra5 31. Rc1 Bf7 32. f4 gxf4 33. gxf4 Bd5 34. Bxd5 Rxd5 35. Kf2 Kd7 36. Rh3 Raxc5 37. Rxh7+ Kc8 38. Rg1 Rd7 39. Rh8+ Kc7 40. Rg5 d3 41. exd3 Rxd3 42. Rg3 Rd2+ 43. Ke1 Rb2 44. Rh7+ Kb6 45. Rd7 Rc1+ 46. Rd1 Rcc2 47. h4 Rh2 48. Kf1 Rxh4 0-1